 Dungeon Crawl Stone Soup version 0.19.1 (webtiles) character file.

70 ChaseSP the Shield-Bearer (level 4, 0/35 HPs)
             Began as a Formicid Fighter on Dec 3, 2016.
             Slain by Natasha (2 damage)
             ... on level 2 of the Dungeon.
             The game lasted 00:02:46 (1616 turns).

ChaseSP the Shield-Bearer (Formicid Fighter)        Turns: 1616, Time: 00:02:47

Health: 0/35       AC:  9    Str: 20    XL:     4   Next: 44%
Magic:  4/4        EV:  8    Int: 10    God:
Gold:   123        SH:  9    Dex: 11    Spells: 0 memorised, 3 levels left

rFire  . . .     SeeInvis +     a - +0 war axe
rCold  . . .     Gourm    .     b - +0 scale mail
rNeg   . . .     Faith    .     c - +0 shield
rPois  .         Spirit   .     (helmet unavailable)
rElec  .         Reflect  .     (no cloak)
rCorr  .         Harm     .     m - +1 pair of gloves
MR     .....                    (no boots)
Stlth  ..........               (no amulet)
                                (no ring)
                                (no ring)

@: no status effects
A: permanent stasis, dig shafts and tunnels, four strong arms, antennae 3,
clever 1, deterioration 1, sense surroundings 1
a: Dig, Shaft Self


You were on level 2 of the Dungeon.
You were hungry.

You visited 1 branch of the dungeon, and saw 2 of its levels.

You collected 123 gold pieces.

Inventory:

Hand Weapons
 a - a +0 war axe (weapon)
Missiles
 k - 13 bolts
Armour
 b - a +0 scale mail (worn)
 c - a +0 shield (worn)
 m - a +1 pair of gloves (worn)
 o - a +0 plate armour
Scrolls
 e - a scroll of blinking {unknown}
 i - a scroll of identify
 q - a scroll of magic mapping {unknown}
Potions
 d - a potion of might
 g - a potion of flight
 j - a potion of ambrosia {unknown}
 n - a potion of lignification
 p - a potion of degeneration {unknown}
Comestibles
 f - a bread ration
 h - a meat ration
 l - a chunk of flesh


   Skills:
 - Level 3.2 Fighting
 * Level 3.9 Axes
 - Level 3.2 Armour
 + Level 4.3 Shields


You had 3 spell levels left.
You didn't know any spells.

Dungeon Overview and Level Annotations

Branches:
Dungeon (2/15)

Altars:
Yredelemnul

Annotations:
D:2 Natasha


Innate Abilities, Weirdness & Mutations

You are under a permanent stasis effect.
You can dig through walls and to a lower floor.
Your four strong arms can wield two-handed weapons with a shield.
You have a pair of large antennae on your head. (SInv)
Your mind is acute. (Int +2)
Your body sometimes deteriorates upon taking damage.
You passively map a small area around you.


Message History

Unknown command.
You are too injured to fight recklessly!
You hit Natasha.
Natasha is almost dead.
Natasha growls.
Natasha stares at you and mumbles some strange words.
You resist with some effort.
Natasha stares at you and mumbles some strange words.
The magic dart hits you!
* * * LOW HITPOINT WARNING * * *
You closely miss Natasha.
Natasha is almost dead.
Natasha claws you.
* * * LOW HITPOINT WARNING * * *
Unknown command.
You hit Natasha.
Natasha is almost dead.
You are feeling hungry.
You block Natasha's attack. Natasha claws you.
You die...

##...#...## #.#
####
###.........##
#..*
##..........._#
##. *
...#.........###
..
.####...#...##.#
*#. ##
#########..#
#..### #....##
*, ## #.##@h# *
* .# #.###...# *
.# #.# ##.....
.# #.# ###., ##
#.# ##.# #..#
#### #.##
...#########.#


You could see Natasha.

Vanquished Creatures
  2 adders (D:2)
  3 dart slugs
  2 leopard geckos
  A giant cockroach (D:1)
  3 hobgoblins (D:1)
  5 jackals (D:1)
  4 bats (D:1)
  2 frilled lizards (D:2)
  8 goblins
  8 kobolds
  4 rats
42 creatures vanquished.

Vanquished Creatures (others)
  A goblin (D:1)
1 creature vanquished.

Grand Total: 43 creatures vanquished

Notes
Turn   | Place    | Note
-------+----------+-------------------------------------------
     0 | D:1      | ChaseSP the Formicid Fighter began the quest for the Orb.
     0 | D:1      | Reached XP level 1. HP: 18/18 MP: 1/1
   161 | D:1      | Reached XP level 2. HP: 24/24 MP: 2/2
   394 | D:1      | Reached XP level 3. HP: 26/29 MP: 3/3
   843 | D:2      | Reached skill level 4 in Shields
   934 | D:2      | Gained mutation: Your mind is acute. (Int +2) [potion of mutation]
   934 | D:2      | Gained mutation: You passively map a small area around you. [potion of mutation]
   934 | D:2      | Gained mutation: Your body sometimes deteriorates upon taking damage. [potion of mutation]
   941 | D:2      | Reached XP level 4. HP: 10/35 MP: 4/4
  1531 | D:2      | Found a basalt altar of Yredelemnul.
  1609 | D:2      | Noticed Natasha
  1616 | D:2      | Slain by Natasha

Skill      XL: |  1  2  3 |
---------------+----------+-----
Axes           | 3 |  3.9
Shields        | 4 |  4.3
Fighting       | |  3.2
Armour         | |  3.2

Action                   |  1- 3 |  4- 6 || total
-------------------------+-------+-------++-------
Melee: War axe           |   105 |    26 ||   131
  Use: Potion            |     3 |       ||     3
       Scroll            |       |     5 ||     5
  Eat: Chunk             |       |     2 ||     2
Armor: Scale mail        |    55 |     2 ||    57
Dodge: Dodged            |    34 |     4 ||    38
Block: Shield            |    72 |    13 ||    85
